| TOP OF THE 1ST |
|
Asheville Moonshiners batting - Pitching for Danville Dairy Daddies : RHP Cal Eldred
|
|
Pitching: RHP Cal Eldred
|
|
|
Batting: SHB Wilton Guerrero
|
0-0: Called Strike 0-1: Ball 1-1: DOUBLE (Flyball, 78D, EV 108.1 MPH)
|
|
Batting: LHB Darren Bragg
|
0-0: Ball 1-0: Called Strike 1-1: Foul Ball, location: 2F 1-2: Ball 2-2: Ball Passed Ball! Wilton Guerrero to third 3-2: Strikes out swinging
|
|
Batting: LHB Randall Simon
|
0-0: Ball 1-0: Foul Ball, location: 2F 1-1: Foul Ball, location: 2F 1-2: Ball 2-2: Strikes out swinging
|
|
Batting: RHB Chris Stynes
|
0-0: Ball 1-0: Foul Ball, location: 2F 1-1: Fly out, F9 (Line Drive, 9, EV 90.6 MPH)
|
| Top of the 1st over - 0 runs, 1 hit, 0 errors, 1 left on base; Asheville 0 - Danville 0 |
| BOTTOM OF THE 1ST |
|
Danville Dairy Daddies batting - Pitching for Asheville Moonshiners : RHP Orel Hershiser
|
|
Pitching: RHP Orel Hershiser
|
|
|
Batting: SHB Joey Cora
|
0-0: Called Strike 0-1: Ball 1-1: Swinging Strike 1-2: Fly out, F9 (Flyball, 9S, EV 82.5 MPH)
|
|
Batting: RHB Shawn Gilbert
|
0-0: Foul Ball, location: 2F 0-1: Ground out U3 (Groundball, 34, EV 85.0 MPH)
|
|
Batting: LHB David Ortiz
|
0-0: Ball 1-0: DOUBLE (Line Drive, 7LM, EV 101.3 MPH)
|
|
Batting: LHB Brant Brown
|
0-0: Called Strike 0-1: Ball 1-1: Swinging Strike 1-2: Fly out, F8 (Flyball, 78M, EV 86.9 MPH)
|
| Bottom of the 1st over - 0 runs, 1 hit, 0 errors, 1 left on base; Asheville 0 - Danville 0 |
| TOP OF THE 2ND |
|
Asheville Moonshiners batting - Pitching for Danville Dairy Daddies : RHP Cal Eldred
|
|
Batting: RHB Aaron Boone
|
0-0: Fly out, F7 (Flyball, 7LM, EV 95.0 MPH)
|
|
Batting: RHB Yamil Benitez
|
0-0: Called Strike 0-1: Swinging Strike 0-2: Strikes out swinging
|
|
Batting: LHB Billy McMillon
|
0-0: Ball 1-0: Ball 2-0: Ball 3-0: Base on Balls
|
|
Batting: RHB Kevin L Brown
|
0-0: Ball 1-0: Ball 2-0: Called Strike 2-1: Ball 3-1: Swinging Strike 3-2: Strikes out swinging
|
| Top of the 2nd over - 0 runs, 0 hits, 0 errors, 1 left on base; Asheville 0 - Danville 0 |
| BOTTOM OF THE 2ND |
|
Danville Dairy Daddies batting - Pitching for Asheville Moonshiners : RHP Orel Hershiser
|
|
Batting: LHB Lee Stevens
|
0-0: Ball 1-0: Foul Ball, location: 2F 1-1: Ball 2-1: Fly out, F9 (Flyball, 89S, EV 93.1 MPH)
|
|
Batting: RHB Kevin Polcovich
|
0-0: Ball 1-0: Ball 2-0: Ball 3-0: Called Strike 3-1: Foul Ball, location: 2F 3-2: Ground out 6-3 (Groundball, 6S, EV 87.5 MPH)
|
|
Batting: RHB Mike Blowers
|
0-0: Ball 1-0: Ball 2-0: Ball 3-0: Called Strike 3-1: Base on Balls
|
|
Batting: RHB Erik Pappas
|
0-0: Ball 1-0: Called Strike 1-1: Ball 2-1: SINGLE (Groundball, 6MD, EV 109.4 MPH) Mike Blowers to second Runner from 2nd tries for 3rd, SAFE, no throw by CF
|
|
Batting: RHB Takahiro Ikeyama
|
0-0: Ball 1-0: SINGLE (Line Drive, 7S, EV 88.8 MPH) Mike Blowers scores Erik Pappas to second
|
|
Batting: SHB Joey Cora
|
0-0: Called Strike 0-1: Fly out, F7 (Flyball, 7S, EV 79.4 MPH)
|
| Bottom of the 2nd over - 1 run, 2 hits, 0 errors, 2 left on base; Asheville 0 - Danville 1 |
| TOP OF THE 3RD |
|
Asheville Moonshiners batting - Pitching for Danville Dairy Daddies : RHP Cal Eldred
|
|
Batting: RHB Deivi Cruz
|
0-0: Called Strike 0-1: Ball 1-1: Called Strike 1-2: Foul Ball, location: 2F 1-2: Strikes out swinging
|
|
Batting: SHB Wilton Guerrero
|
0-0: Fly out, F8 (Flyball, 8RS, EV 92.5 MPH)
|
|
Batting: LHB Darren Bragg
|
0-0: Swinging Strike 0-1: Called Strike 0-2: Ball 1-2: Ball 2-2: Fly out, F8 (Flyball, 8LXD, EV 108.8 MPH)
|
| Top of the 3rd over - 0 runs, 0 hits, 0 errors, 0 left on base; Asheville 0 - Danville 1 |
| BOTTOM OF THE 3RD |
|
Danville Dairy Daddies batting - Pitching for Asheville Moonshiners : RHP Orel Hershiser
|
|
Batting: RHB Shawn Gilbert
|
0-0: Ball 1-0: Called Strike 1-1: Ground out 5-3 (Groundball, 5, EV 81.3 MPH)
|
|
Batting: LHB David Ortiz
|
0-0: Ball 1-0: Ball 2-0: Ball 3-0: Swinging Strike 3-1: Base on Balls
|
|
Batting: LHB Brant Brown
|
0-0: Called Strike 0-1: Swinging Strike 0-2: Ball 1-2: Ball 2-2: SINGLE (Line Drive, 8LS, EV 110.0 MPH) David Ortiz to second Runner from 2nd tries for 3rd, SAFE, no throw by CF
|
|
Batting: LHB Lee Stevens
|
0-0: Ball 1-0: Foul Ball, location: 2F 1-1: SINGLE (Line Drive, 5D, EV 103.1 MPH) David Ortiz scores Brant Brown to second
|
|
Batting: RHB Kevin Polcovich
|
0-0: Swinging Strike 0-1: Ball 1-1: Foul Ball, location: 2F 1-2: Foul Ball, location: 2F 1-2: Ball 2-2: Foul Ball, location: 2F 2-2: SINGLE (Line Drive, 7S, EV 106.9 MPH) Brant Brown to third Lee Stevens to second Runner from 3rd tries for Home, SAFE, throw by LF to home
|
|
Batting: RHB Mike Blowers
|
0-0: Ball 1-0: Called Strike 1-1: Ball 2-1: Ball 3-1: SINGLE (Line Drive, 4D, EV 98.8 MPH) Lee Stevens to third Kevin Polcovich to second
|
|
Batting: RHB Erik Pappas
|
0-0: Grounds into double play, U5-3 (Groundball, 5L, EV 86.9 MPH)
|
| Bottom of the 3rd over - 2 runs, 4 hits, 0 errors, 2 left on base; Asheville 0 - Danville 3 |
| TOP OF THE 4TH |
|
Asheville Moonshiners batting - Pitching for Danville Dairy Daddies : RHP Cal Eldred
|
|
Batting: LHB Randall Simon
|
0-0: Called Strike 0-1: Foul Ball, location: 2F 0-2: Foul Ball, location: 2F 0-2: Ball 1-2: Ball 2-2: Fly out, F8 (Line Drive, 8RD, EV 97.5 MPH)
|
|
Batting: RHB Chris Stynes
|
0-0: Called Strike 0-1: Ball 1-1: Called Strike 1-2: Ball 2-2: Foul Ball, location: 2F 2-2: Foul Ball, location: 2F 2-2: Ball 3-2: SINGLE (Line Drive, 5D, EV 94.4 MPH)
|
|
Batting: RHB Aaron Boone
|
0-0: Fly out, F6 (Popup, 6MD, EV 58.8 MPH)
|
|
Batting: RHB Yamil Benitez
|
0-0: Foul Ball, location: 2F 0-1: Swinging Strike 0-2: Ball 1-2: SINGLE (Groundball, 6MD, EV 106.9 MPH) Chris Stynes to second
|
|
Batting: LHB Billy McMillon
|
0-0: Foul Ball, location: 2F 0-1: Foul Ball, location: 2F 0-2: Fly out, F2 (Popup, 15S, EV 86.3 MPH)
|
| Top of the 4th over - 0 runs, 2 hits, 0 errors, 2 left on base; Asheville 0 - Danville 3 |
| BOTTOM OF THE 4TH |
|
Danville Dairy Daddies batting - Pitching for Asheville Moonshiners : RHP Orel Hershiser
|
|
Batting: RHB Takahiro Ikeyama
|
0-0: Called Strike 0-1: Swinging Strike 0-2: Ball 1-2: Ball 2-2: Ball 3-2: Foul Ball, location: 2F 3-2: Strikes out swinging
|
|
Batting: SHB Joey Cora
|
0-0: Foul Ball, location: 2F 0-1: DOUBLE (Line Drive, 89D, EV 110.0 MPH)
|
|
Batting: RHB Shawn Gilbert
|
0-0: Fly out, F9 (Flyball, 89D, EV 105.0 MPH) Runner from 2nd tags up, SAFE at 3rd, no throw by RF
|
|
Batting: LHB David Ortiz
|
0-0: Ball 1-0: Swinging Strike 1-1: Called Strike 1-2: Foul Ball, location: 2F 1-2: Ball 2-2: Foul Ball, location: 2F 2-2: Foul Ball, location: 2F 2-2: DOUBLE (Groundball, 5L, EV 105.0 MPH) Joey Cora scores
|
|
Batting: LHB Brant Brown
|
0-0: SINGLE (Line Drive, 89S, EV 101.9 MPH) David Ortiz to third Runner from 3rd tries for Home, SAFE, no throw by RF
|
|
Pitching: RHP Julio Santana
|
|
|
Batting: LHB Lee Stevens
|
0-0: Ball Wild Pitch! Brant Brown to second 1-0: Called Strike 1-1: Ball 2-1: Foul Ball, location: 2F 2-2: Ball 3-2: Base on Balls
|
|
Batting: RHB Kevin Polcovich
|
0-0: Ground out 6-3 (Groundball, 6S, EV 85.0 MPH)
|
| Bottom of the 4th over - 2 runs, 3 hits, 0 errors, 2 left on base; Asheville 0 - Danville 5 |
| TOP OF THE 5TH |
|
Asheville Moonshiners batting - Pitching for Danville Dairy Daddies : RHP Cal Eldred
|
|
Batting: RHB Kevin L Brown
|
0-0: Ball 1-0: Foul Ball, location: 2F 1-1: Called Strike 1-2: Strikes out swinging
|
|
Batting: RHB Deivi Cruz
|
0-0: Ball 1-0: Foul Ball, location: 2F 1-1: Ball 2-1: Fly out, F9 (Flyball, 89D, EV 77.5 MPH)
|
|
Batting: SHB Wilton Guerrero
|
0-0: Foul Ball, location: 2F 0-1: Ground out U3 (Groundball, 3L, EV 80.0 MPH)
|
| Top of the 5th over - 0 runs, 0 hits, 0 errors, 0 left on base; Asheville 0 - Danville 5 |
| BOTTOM OF THE 5TH |
|
Danville Dairy Daddies batting - Pitching for Asheville Moonshiners : RHP Julio Santana
|
|
Batting: RHB Mike Blowers
|
0-0: Foul Ball, location: 2F 0-1: Ball 1-1: Called Strike 1-2: Foul Ball, location: 2F 1-2: Strikes out looking
|
|
Batting: RHB Erik Pappas
|
0-0: Ball 1-0: Ball 2-0: Called Strike 2-1: Ball 3-1: Base on Balls
|
|
Batting: RHB Takahiro Ikeyama
|
0-0: SINGLE (Groundball, 6, EV 97.5 MPH) (infield hit) Erik Pappas to second
|
|
Batting: SHB Joey Cora
|
0-0: Fielders Choice at 2nd, 1-6 (Groundball, 34S, EV 86.3 MPH) Erik Pappas to third
|
|
Batting: RHB Shawn Gilbert
|
0-0: Fly out, F7 (Flyball, 7LM, EV 101.3 MPH)
|
| Bottom of the 5th over - 0 runs, 1 hit, 0 errors, 2 left on base; Asheville 0 - Danville 5 |
| TOP OF THE 6TH |
|
Asheville Moonshiners batting - Pitching for Danville Dairy Daddies : RHP Cal Eldred
|
|
Batting: LHB Darren Bragg
|
0-0: Called Strike 0-1: Ball 1-1: Ball 2-1: Fly out, F8 (Flyball, 78D, EV 105.6 MPH)
|
|
Batting: LHB Randall Simon
|
0-0: Called Strike 0-1: Ball 1-1: Foul Ball, location: 2F 1-2: Foul Ball, location: 2F 1-2: Strikes out looking
|
|
Batting: RHB Chris Stynes
|
0-0: SOLO HOME RUN (Flyball, 7D, EV 89.4 MPH), Distance : 382 ft
|
|
Batting: RHB Aaron Boone
|
0-0: Ball 1-0: Swinging Strike 1-1: Fly out, F9 (Flyball, 9S, EV 96.3 MPH)
|
| Top of the 6th over - 1 run, 1 hit, 0 errors, 0 left on base; Asheville 1 - Danville 5 |
| BOTTOM OF THE 6TH |
|
Danville Dairy Daddies batting - Pitching for Asheville Moonshiners : RHP Julio Santana
|
|
Batting: LHB David Ortiz
|
0-0: Ball 1-0: Called Strike 1-1: Swinging Strike 1-2: Foul Ball, location: 2F 1-2: Ball 2-2: Ball 3-2: Base on Balls
|
|
Batting: LHB Brant Brown
|
0-0: Ball 1-0: Called Strike 1-1: SINGLE (Flyball, 5D, EV 91.9 MPH) David Ortiz to second
|
|
Batting: LHB Lee Stevens
|
0-0: Foul Ball, location: 2F 0-1: Fly out, F2 (Popup, 2R, EV 91.3 MPH)
|
|
Batting: RHB Kevin Polcovich
|
0-0: Swinging Strike 0-1: Ball 1-1: DOUBLE (Flyball, 8LXD, EV 88.1 MPH) David Ortiz scores Brant Brown to third
|
|
Batting: RHB Mike Blowers
|
0-0: Ball 1-0: Swinging Strike 1-1: Foul Ball, location: 2F 1-2: Ball 2-2: Foul Ball, location: 2F 2-2: Fly out, F4 (Popup, 4, EV 67.5 MPH)
|
|
Batting: RHB Erik Pappas
|
0-0: Ball 1-0: Ball 2-0: Ball 3-0: Base on Balls
|
|
Batting: RHB Takahiro Ikeyama
|
0-0: Called Strike 0-1: Called Strike 0-2: Strikes out looking
|
| Bottom of the 6th over - 1 run, 2 hits, 0 errors, 3 left on base; Asheville 1 - Danville 6 |
| TOP OF THE 7TH |
|
Asheville Moonshiners batting - Pitching for Danville Dairy Daddies : RHP Cal Eldred
|
|
Pitching: LHP Andrew Lorraine
|
|
|
Batting: RHB Yamil Benitez
|
0-0: Ground out 6-3 (Groundball, 6, EV 81.3 MPH)
|
|
Batting: LHB Billy McMillon
|
0-0: Ball 1-0: Foul Ball, location: 2F 1-1: Ball 2-1: Ball 3-1: Base on Balls
|
|
Batting: RHB Kevin L Brown
|
0-0: Ball 1-0: Ball 2-0: Called Strike 2-1: Ball 3-1: Base on Balls Billy McMillon to second
|
|
Batting: RHB Deivi Cruz
|
0-0: Ball 1-0: Swinging Strike 1-1: Foul Ball, location: 2F 1-2: Foul Ball, location: 2F 1-2: Foul Ball, location: 2F 1-2: Strikes out swinging
|
|
Batting: SHB Wilton Guerrero
|
0-0: Ball 1-0: Fly out, F7 (Flyball, 78S, EV 93.1 MPH)
|
| Top of the 7th over - 0 runs, 0 hits, 0 errors, 2 left on base; Asheville 1 - Danville 6 |
| BOTTOM OF THE 7TH |
|
Danville Dairy Daddies batting - Pitching for Asheville Moonshiners : RHP Julio Santana
|
|
Batting: SHB Joey Cora
|
0-0: Ball 1-0: Ball 2-0: DOUBLE (Line Drive, 78M, EV 110.0 MPH)
|
|
Pitching: RHP Tim Wakefield
|
|
|
Batting: RHB Shawn Gilbert
|
0-0: Ball 1-0: Ball 2-0: Swinging Strike 2-1: Foul Ball, location: 2F 2-2: Ball 3-2: Base on Balls
|
|
Batting: LHB David Ortiz
|
0-0: SINGLE (Groundball, 6MD, EV 104.4 MPH) Joey Cora to third Shawn Gilbert to second
|
|
Batting: LHB Brant Brown
|
0-0: Called Strike 0-1: Foul Ball, location: 2F 0-2: Foul Ball, location: 2F 0-2: Foul Ball, location: 2F 0-2: Ball 1-2: Foul Ball, location: 2F 1-2: Ball 2-2: Ball 3-2: SINGLE (Flyball, 89S, EV 95.0 MPH) Joey Cora scores Shawn Gilbert to third David Ortiz to second
|
|
Batting: LHB Lee Stevens
|
0-0: Ball 1-0: Ball 2-0: Called Strike 2-1: Ball Passed Ball! Shawn Gilbert scores David Ortiz to third Brant Brown to second 3-1: Base on Balls
|
|
Batting: RHB Kevin Polcovich
|
0-0: Ball 1-0: Called Strike 1-1: Swinging Strike 1-2: Ball 2-2: Strikes out swinging
|
|
Batting: RHB Mike Blowers
|
0-0: Ball 1-0: Called Strike 1-1: Ball 2-1: Grounds into double play, 5-4-3 (Groundball, 56, EV 100.6 MPH)
|
| Bottom of the 7th over - 2 runs, 3 hits, 0 errors, 2 left on base; Asheville 1 - Danville 8 |
| TOP OF THE 8TH |
|
Asheville Moonshiners batting - Pitching for Danville Dairy Daddies : LHP Andrew Lorraine
|
|
Batting: LHB Darren Bragg
|
0-0: Ball 1-0: Called Strike 1-1: Ball 2-1: Swinging Strike 2-2: Foul Ball, location: 2F 2-2: Strikes out looking
|
|
Batting: LHB Randall Simon
|
0-0: Ground out 4-3 (Groundball, 4, EV 106.9 MPH)
|
|
Batting: RHB Chris Stynes
|
0-0: Ball 1-0: Called Strike 1-1: Ball 2-1: SINGLE (Line Drive, 8RS, EV 108.1 MPH)
|
|
Batting: RHB Aaron Boone
|
0-0: Ground out 5-3 (Groundball, 56, EV 82.5 MPH)
|
| Top of the 8th over - 0 runs, 1 hit, 0 errors, 1 left on base; Asheville 1 - Danville 8 |
| BOTTOM OF THE 8TH |
|
Danville Dairy Daddies batting - Pitching for Asheville Moonshiners : RHP Tim Wakefield
|
|
Batting: RHB Erik Pappas
|
0-0: Ball 1-0: Called Strike 1-1: Foul Ball, location: 2F 1-2: Ground out U3 (Groundball, 34S, EV 90.0 MPH)
|
|
Batting: RHB Takahiro Ikeyama
|
0-0: Ball 1-0: Foul Ball, location: 2F 1-1: Foul Ball, location: 2F 1-2: Strikes out swinging
|
|
Batting: SHB Joey Cora
|
0-0: Ball 1-0: Foul Ball, location: 2F 1-1: Ball 2-1: Ball 3-1: Ground out 4-3 (Groundball, 4, EV 105.6 MPH)
|
| Bottom of the 8th over - 0 runs, 0 hits, 0 errors, 0 left on base; Asheville 1 - Danville 8 |
| TOP OF THE 9TH |
|
Asheville Moonshiners batting - Pitching for Danville Dairy Daddies : LHP Andrew Lorraine
|
|
Batting: RHB Yamil Benitez
|
0-0: Ball 1-0: Foul Ball, location: 2F 1-1: Swinging Strike 1-2: Ball 2-2: Strikes out swinging
|
|
Batting: LHB Billy McMillon
|
0-0: Ball 1-0: Ball 2-0: Called Strike 2-1: Swinging Strike 2-2: Ball 3-2: Base on Balls
|
|
Pitching: LHP Ron Mahay
|
|
|
Batting: RHB Kevin L Brown
|
0-0: Ball 1-0: Ball 2-0: Ball 3-0: Called Strike 3-1: Foul Ball, location: 2F 3-2: Foul Ball, location: 2F 3-2: Base on Balls Billy McMillon to second
|
|
Batting: RHB Deivi Cruz
|
0-0: Ball 1-0: Ball 2-0: Ball 3-0: Called Strike 3-1: Foul Ball, location: 2F 3-2: Foul Ball, location: 2F 3-2: Base on Balls Billy McMillon to third Kevin L Brown to second
|
|
Batting: SHB Wilton Guerrero
|
0-0: SINGLE (Line Drive, 6MD, EV 105.0 MPH) Billy McMillon scores Kevin L Brown to third Deivi Cruz to second
|
|
Batting: LHB Darren Bragg
|
0-0: SINGLE (Line Drive, 4MD, EV 94.4 MPH) Kevin L Brown scores Deivi Cruz to third Wilton Guerrero to second
|
|
Pitching: RHP Felix Rodriguez
|
|
|
Batting: LHB Randall Simon
|
0-0: SINGLE (Line Drive, 8LS, EV 101.3 MPH) Deivi Cruz scores Wilton Guerrero to third Darren Bragg to second
|
|
Batting: RHB Chris Stynes
|
0-0: Foul Ball, location: 2F 0-1: Ground out 6-3 (Groundball, 6MS, EV 88.8 MPH) Wilton Guerrero scores Darren Bragg to third Randall Simon to second
|
|
Batting: RHB Aaron Boone
|
0-0: Ball 1-0: Fly out, F7 (Flyball, 78M, EV 86.3 MPH)
|
| Top of the 9th over - 4 runs, 3 hits, 0 errors, 2 left on base; Asheville 5 - Danville 8 |
|